Map: Cerulean Fall LE

Players

Melle

  • Race: Protoss Protoss
  • League: Master
  • Spawn Location: 7:00

Harstem - Winner!

  • Race: Protoss Protoss
  • League: Grandmaster
  • Spawn Location: 1:00

Event: DSCL Nationals 2018 - Finals

VOD

Have the link to the VOD?

Description

Time

  • Played on: Dec. 1, 2018, 10:38 a.m.
  • Length: 5:23

All games in this series

Show
View Real Time Build Order
Export as new Build Order

Melle Protoss 

Build Orders: Phoenix Opening 

Get SALT Encoding   

  12  0:00  Probe  
  13  0:12  Probe  
  14  0:17  Pylon  
  14  0:23  Probe  
  15  0:31  Probe  
  15  0:38  Gateway  
  15  0:39  Probe  
  16  0:48  Assimilator  
  17  0:50  Probe  
  18  0:58  Assimilator, Probe  
  19  1:06  Probe  
  20  1:13  Gateway  
  20  1:17  Probe  
  21  1:26  Cybernetics Core  
  21  1:30  Probe  
  22  1:42  Probe  
  22  1:43  Pylon  
  23  1:53  Warp Gate  
  23  2:02  Stalker  
  23  2:03  Probe, Sentry  
  28  2:15  Probe, Pylon  
  29  2:36  Stargate  
  29  2:41  Stalker  
  29  2:42  Probe  
  32  2:49  Stalker  
  34  3:16  Nexus, Phoenix  
  34  3:20  Pylon  
  36  3:28  Pylon  
  36  3:39  Phoenix  
  30  4:05  Stalker  
  26  4:13  Zealot  
  26  4:20  Probe  
  27  4:28  Zealot  
  27  4:30  Probe  
  30  4:52  Probe x2  
  32  4:53  Zealot  
Show
View Real Time Build Order
Export as new Build Order

Harstem Protoss - Winner!

Build Orders: Oracle Opening 

Get SALT Encoding   

  12  0:00  Probe  
  13  0:12  Probe  
  14  0:17  Pylon  
  14  0:24  Probe  
  15  0:32  Probe  
  15  0:38  Gateway  
  15  0:40  Probe  
  16  0:47  Assimilator  
  17  0:51  Probe  
  17  0:56  Assimilator  
  18  1:03  Probe  
  19  1:10  Gateway  
  19  1:15  Probe  
  20  1:25  Cybernetics Core  
  20  1:27  Probe  
  21  1:39  Probe, Pylon  
  22  1:44  Pylon  
  22  1:51  Probe  
  23  2:01  Adept x2  
  28  2:14  Stargate  
  27  2:17  Probe  
  28  2:44  Nexus  
  28  2:48  Probe, Oracle  
  29  3:05  Pylon  
  32  3:06  Warp Gate  
  32  3:10  Probe  
  33  3:16  Oracle  
  36  3:28  Stalker  
  36  3:34  Shield Battery  
  38  3:48  Probe, Stalker  
  38  3:57  Twilight Council  
  38  4:00  Probe x2  
  40  4:06  Stalker  
  40  4:12  Probe  
  40  4:14  Shield Battery  
  40  4:18  Stalker  
  40  4:22  Probe  
  43  4:24  Probe  
  44  4:35  Probe  
  44  4:36  Probe  
  46  4:41  Stalker  
  47  4:48  Probe x2  
  48  4:53  Shield Battery  
Tags
 
Add a new tag
Caveats
  • Supply blocks, unpowered buildings, or Contaminate may cause inaccurate times.
  • Supply counts are checked every 10 seconds.